 Dungeon Crawl Stone Soup version 0.23-a0-407-g92528d7 (webtiles) character file.

9 nixmar the Ruffian (level 2, -5/25 HPs)
             Began as a Ghoul Gladiator on Nov 7, 2018.
             Slain by a gnoll
             ... wielding a +1 whip of electrocution
              (6 damage)
             ... on level 1 of the Dungeon.
             The game lasted 00:03:43 (786 turns).

nixmar the Ruffian (Ghoul Gladiator)                 Turns: 786, Time: 00:03:44

Health: -5/25      AC:  4    Str: 17    XL:     2   Next: 16%
Magic:  1/1        EV: 12    Int:  3    God:
Gold:   26         SH:  0    Dex: 10    Spells: 1/1 levels left

rFire    . . .     SeeInvis .     - Unarmed
rCold    + . .     Gourm    .   (no shield)
rNeg     + + +     Faith    .   a - +0 leather armour
rPois    ∞         Spirit   .   b - +0 helmet
rElec    .         Reflect  .   (no cloak)
rCorr    .         Harm     .   (no gloves)
MR       .....                  (no boots)
Stlth    +.........             (no amulet)
HPRegen  0.00/turn              (no ring)
MPRegen  0.07/turn              (no ring)

@: rotting
A: rotting body, claws 1, carnivore, cold resistance 1, negative energy
resistance 3, inhibited regeneration, torment resistance, unbreathing
a: no special abilities


You were on level 1 of the Dungeon.
You were not hungry.

You visited 1 branch of the dungeon, and saw 2 of its levels.

You collected 26 gold pieces.

Inventory:

Missiles
 i - 2 stones (quivered)
 Z - 3 throwing nets
Armour
 a - a +0 leather armour (worn)
 b - a +0 helmet (worn)
Scrolls
 d - 2 scrolls of identify {unknown}
Potions
 c - a potion of haste {unknown}
 f - a potion of mutation {unknown}
 g - a potion of heal wounds {unknown}
 h - a potion of lignification {unknown}
Comestibles
 e - 2 rations


   Skills:
 + Level 2.5 Fighting
 - Level 1.7 Throwing
 + Level 2.9 Dodging
 + Level 3.5 Unarmed Combat


You had one spell level left.
You didn't know any spells.
Your spell library was empty.

Dungeon Overview and Level Annotations

Branches:
Dungeon (2/15)

Altars:


Innate Abilities, Weirdness & Mutations

Your body is rotting away.
You thrive on raw meat.
You are immune to poison.
You have sharp fingernails.
You are carnivorous and can eat meat at any time.
Your flesh is cold resistant. (rC+)
You are immune to negative energy. (rN+++)
You do not regenerate when monsters are visible.
You are immune to unholy pain and torment.
You can survive without breathing.


Message History

There is a stone staircase leading down here.
You see here a dart slug corpse.
There is a stone staircase leading down here.
You see here a dart slug corpse.
There is a stone staircase leading down here.
You see here a dart slug corpse.
The gnoll hits you with a +1 whip of electrocution.
* * * LOW HITPOINT WARNING * * *
You scratch the gnoll.
The gnoll is moderately wounded.
You scratch the gnoll.
The gnoll is severely wounded.
The gnoll closely misses you.
You scratch the gnoll.
The gnoll is almost dead.
The gnoll closely misses you.
You scratch the gnoll but do no damage.
The gnoll is almost dead.
The gnoll hits you with a +1 whip of electrocution.
You die...

## #..#....####..# .#
# #..........K..##.#
#####.#.#..####.##..##
........#..# #..K...#
.####.###..# ####.#$#
.####.###.K# #.#
#..........# #.#
##.).......#######.#
#.####..#.....Kg@..#
.#####....##########
.........## ######...#
###...#####
#.)........ #
###.#....##### #
..###...# ##### #
###.#.#..# ###...# #


You could see a gnoll and a kobold.

Vanquished Creatures
  A dart slug (D:1)
  A hobgoblin (D:1)
  3 jackals (D:1)
  A kobold (D:1)
  A rat (D:1)
7 creatures vanquished.

Notes
Turn   | Place    | Note
-------+----------+-------------------------------------------
     0 | D:1      | nixmar the Ghoul Gladiator began the quest for the Orb.
     0 | D:1      | Reached XP level 1. HP: 17/17 MP: 0/0
   303 | D:1      | Reached XP level 2. HP: 25/25 MP: 1/1
   782 | D:1      | HP: 1/25 [gnoll/+1 whip of electrocution (4)]
   786 | D:1      | Slain by a gnoll

Vault maps used:
D:1:      minmay_arrival_five_plusses
D:2:      marbit_many_paths, first_ration, nicolae_gozag_zags_fifth_avenue,
          uniq_terence

Action                   || total
-------------------------++-------
Melee: Unarmed           ||    27
       Punch             ||     1
Throw: Stone             ||     3
       Throwing net      ||     1
  Eat: Chunk             ||     2
Armor: Leather armour    ||     5
Dodge: Dodged            ||    22

Table legend:
 A = Non-vault XP
 B = Vault XP
 C = Vault XP percentage of total XP
 D = Non-vault monster count
 E = Vault monster count
 F = Vault count percentage of total count
                 A         B        C        D         E       F
            +---------+---------+-------+---------+---------+-------
      Total |      14 |       0 |   0.0 |       7 |       0 |   0.0
            +---------+---------+-------+---------+---------+-------
        D:1 |      14 |       0 |   0.0 |       7 |       0 |   0.0
            +---------+---------+-------+---------+---------+-------
